Map: Jagannatha LE

Players

TheGambler - Winner!

  • Race: Protoss Protoss
  • League: Diamond

Pocahontas

  • Race: Zerg Zerg
  • League: Diamond

VOD

Have the link to the VOD?

Description

complaining sky toss

Time

  • Played on: April 26, 2021, 10:48 p.m.
  • Length: 22:11
Show
View Real Time Build Order
Export as new Build Order

TheGambler Protoss - Winner!

Build Orders: Nexus First, Carriers, Carrier Rush 

Get SALT Encoding   

  12  0:00  Probe  
  13  0:12  Probe  
  14  0:24  Probe  
  15  0:30  Pylon  
  15  0:48  Probe  
  16  0:58  Nexus  
  16  1:13  Gateway  
  16  1:17  Assimilator  
  16  1:19  Probe (Chrono Boost)  
  17  1:29  Probe (Chrono Boost)  
  17  1:30  Assimilator  
  18  1:34  Probe (Chrono Boost)  
  19  1:46  Probe (Chrono Boost)  
  20  1:52  Probe (Chrono Boost)  
  21  2:00  Probe, Cybernetics Core  
  22  2:10  Pylon  
  22  2:12  Probe (Chrono Boost)  
  24  2:16  Probe (Chrono Boost)  
  24  2:22  Pylon  
  24  2:24  Probe (Chrono Boost)  
  24  2:26  Probe (Chrono Boost)  
  26  2:37  Stargate  
  26  2:39  Probe  
  26  2:42  Probe  
  28  2:45  Adept (Chrono Boost)  
  30  2:55  Pylon  
  30  2:58  Probe x2  
  32  3:10  Probe (Chrono Boost)  
  32  3:11  Probe (Chrono Boost)  
  34  3:14  Assimilator  
  34  3:17  Assimilator  
  34  3:22  Probe (Chrono Boost)  
  34  3:23  Probe (Chrono Boost)  
  36  3:29  Probe (Chrono Boost)  
  36  3:30  Probe (Chrono Boost), Fleet Beacon  
  38  3:40  Probe  
  38  3:41  Stargate  
  39  3:49  Probe  
  39  3:52  Probe  
  41  4:01  Probe  
  42  4:04  Probe  
  42  4:08  Forge  
  43  4:10  Protoss Air Weapons Level 1  
  43  4:13  Probe  
  43  4:17  Probe  
  51  4:24  Carrier (Chrono Boost)  
  51  4:25  Probe  
  52  4:33  Carrier (Chrono Boost)  
  58  4:39  Pylon  
  58  4:41  Pylon  
  58  4:49  Photon Cannon  
  58  4:56  Pylon  
  58  4:58  Pylon  
  58  5:14  Pylon, Carrier (Chrono Boost)  
  64  5:26  Adept  
  64  5:38  Carrier (Chrono Boost)  
  70  5:47  Pylon  
  70  5:57  Shield Battery  
  70  6:07  Probe  
  70  6:08  Probe  
  72  6:16  Carrier (Chrono Boost)  
  78  6:20  Mothership (Chrono Boost)  
  78  6:32  Pylon  
  86  6:33  Pylon  
  86  7:14  Carrier (Chrono Boost)  
  98  7:17  Nexus  
  98  7:18  Pylon, Carrier (Chrono Boost)  
  98  7:22  Pylon  
  98  7:42  Protoss Air Weapons Level 2 (Chrono Boost)  
  98  8:06  Probe  
  98  8:07  Probe  
  98  8:12  Photon Cannon  
  100  8:15  Photon Cannon  
  100  8:16  Nexus  
  105  8:21  Carrier (Chrono Boost)  
  105  8:35  Probe x2  
  105  8:40  Photon Cannon  
  107  8:42  Photon Cannon x2  
  107  8:43  Photon Cannon  
  107  8:44  Photon Cannon  
  107  8:46  Shield Battery  
  107  8:47  Probe x2  
  107  8:48  Carrier (Chrono Boost), Photon Cannon  
  109  8:49  Shield Battery  
  109  8:52  Photon Cannon  
  109  8:54  Assimilator  
  115  8:58  Assimilator  
  115  8:59  Probe x2  
  117  9:11  Probe  
  117  9:13  Carrier (Chrono Boost)  
  124  9:36  Void Ray (Chrono Boost)  
  124  9:37  Robotics Facility  
  124  9:39  Twilight Council  
  124  9:43  Pylon  
  124  9:44  Probe  
  129  10:02  Gateway  
  129  10:03  Gateway  
  129  10:04  Void Ray  
  129  10:05  Protoss Air Weapons Level 3 (Chrono Boost)  
  129  10:06  Cybernetics Core  
  129  10:10  Void Ray  
  129  10:11  Gateway  
  137  10:42  Nexus  
  137  10:44  Pylon  
  137  10:48  Warp Gate, Photon Cannon x2  
  137  10:50  Observer  
  137  10:56  Pylon  
  138  10:58  Pylon  
  138  11:00  Tempest, Pylon  
  143  11:07  Tempest  
  148  11:14  Photon Cannon  
  148  11:24  Photon Cannon  
  148  11:25  Photon Cannon  
  148  11:26  Shield Battery  
  148  11:53  Pylon  
  148  11:54  Pylon  
  148  11:55  Pylon  
  148  11:57  Photon Cannon  
  148  11:58  Probe  
  148  11:59  Probe, Photon Cannon  
  148  12:00  Probe, Photon Cannon  
  151  12:05  Assimilator  
  151  12:08  Assimilator  
  151  12:23  Shield Battery, Photon Cannon  
  151  12:26  Shield Battery x2  
  151  12:28  Photon Cannon  
  151  12:48  Charge (Chrono Boost)  
  151  12:50  Observer  
  152  12:57  Protoss Air Armor Level 1  
  152  13:14  Probe x2  
  152  13:15  Probe x2  
  156  13:23  Tempest x2 (Chrono Boost)  
  156  13:24  Photon Cannon  
  156  13:26  Probe x2  
  156  13:27  Probe x2  
  170  13:35  Stargate  
  170  13:38  Probe x2, Stargate, Photon Cannon  
  170  13:39  Probe  
  173  13:42  Stargate  
  173  13:48  Gateway  
  173  13:50  Gateway  
  173  13:54  Dark Shrine  
  173  13:59  Tempest  
  178  14:08  Nexus, Pylon  
  177  14:30  Gateway  
  177  14:33  Gateway  
  177  14:38  Protoss Ground Weapons Level 1 (Chrono Boost)  
  177  14:50  Flux Vanes  
  177  15:06  Protoss Air Armor Level 2 (Chrono Boost)  
  177  15:08  Dark Templar x3  
  177  15:09  Dark Templar x3  
  189  15:27  Dark Templar  
  191  15:31  Dark Templar  
  191  15:33  Dark Templar  
  191  15:34  Dark Templar x2  
  185  17:02  Dark Templar x5  
  185  17:03  Dark Templar x2  
  185  17:06  Archon  
  185  17:07  Archon x2  
  185  17:08  Archon  
  197  17:27  Unknown  
  197  17:49  Dark Templar x2  
  197  17:50  Nexus  
  199  17:52  Pylon  
  199  17:55  Pylon  
  199  17:58  Pylon  
  199  18:02  Pylon  
  198  18:33  Carrier (Chrono Boost)  
  184  18:34  Carrier (Chrono Boost)  
  184  18:36  Zealot x2  
  187  18:45  Dark Templar x3  
  187  18:46  Dark Templar x2  
  150  19:00  Stalker x3  
  144  19:08  Carrier x3 (Chrono Boost)  
  162  19:24  Dark Templar x6, Mothership (Chrono Boost)  
  164  19:25  Dark Templar x2  
  164  19:28  Carrier  
  164  19:29  Nexus, Pylon, Carrier  
  192  19:32  Pylon  
  198  19:43  Archon x2  
  198  19:44  Archon x5  
  198  19:45  Archon  
  198  19:49  Photon Cannon  
  198  19:50  Photon Cannon  
  198  19:52  Photon Cannon  
  198  19:53  Photon Cannon x2  
  198  19:55  Photon Cannon  
  198  19:56  Photon Cannon  
  198  19:57  Photon Cannon  
  198  19:59  Shield Battery, Dark Templar, Photon Cannon  
  200  20:00  Shield Battery  
  200  20:07  Dark Templar x2  
  176  20:19  Probe x3  
  171  20:30  Observer  
  171  20:32  Carrier x3  
  171  20:34  Nexus  
  171  20:35  Probe (Chrono Boost), Pylon  
  189  20:36  Pylon  
  191  20:43  Probe x2 (Chrono Boost)  
  191  20:46  Probe (Chrono Boost)  
  188  21:12  Photon Cannon  
  188  21:13  Photon Cannon  
  188  21:16  Photon Cannon  
  188  21:18  Photon Cannon  
  188  21:19  Photon Cannon  
  188  21:20  Photon Cannon  
  188  21:22  Photon Cannon  
  188  21:23  Dark Templar x2  
  188  21:25  Shield Battery  
  192  21:27  Shield Battery  
Show
View Real Time Build Order
Export as new Build Order

Pocahontas Zerg 

Build Orders: Hatch First 

Get SALT Encoding   

  12  0:02  Drone  
  13  0:13  Overlord  
  13  0:17  Drone  
  14  0:32  Drone  
  14  0:33  Drone  
  16  0:50  Hatchery  
  15  1:00  Drone  
  15  1:01  Drone x2  
  18  1:13  Extractor  
  18  1:17  Spawning Pool  
  16  1:23  Drone  
  16  1:24  Drone  
  18  1:36  Drone  
  19  2:03  Overlord  
  19  2:04  Queen  
  19  2:05  Queen  
  23  2:15  Metabolic Boost  
  23  2:27  Hatchery  
  23  2:29  Drone  
  23  2:32  Drone  
  23  2:35  Drone  
  25  2:38  Drone  
  25  2:40  Drone  
  27  2:49  Drone x2  
  27  2:51  Drone  
  30  2:58  Queen  
  30  3:05  Queen  
  34  3:15  Overlord  
  34  3:16  Drone x2  
  36  3:21  Overlord  
  36  3:33  Overlord  
  36  3:34  Drone  
  36  3:35  Drone x3  
  36  3:41  Queen  
  40  3:45  Drone x2  
  40  3:46  Drone  
  40  3:48  Drone  
  46  3:56  Drone  
  46  3:58  Drone x4  
  46  3:59  Drone  
  46  4:02  Overlord  
  52  4:08  Drone x2  
  54  4:13  Overlord  
  54  4:21  Zergling x8, Roach Warren  
  54  4:22  Drone  
  58  4:36  Drone  
  58  4:37  Drone x2  
  58  4:38  Drone x5  
  66  4:42  Extractor, Drone  
  66  4:44  Extractor  
  65  4:48  Zergling x2  
  66  4:55  Drone  
  67  5:00  Evolution Chamber, Drone  
  67  5:02  Extractor, Evolution Chamber, Drone  
  67  5:05  Evolution Chamber  
  67  5:07  Extractor, Drone x2  
  66  5:08  Extractor  
  62  5:28  Drone x5  
  64  5:29  Drone x3  
  69  5:36  Zergling x8  
  69  5:38  Lair  
  69  5:39  Zerg Melee Weapons Level 1, Hatchery  
  72  5:47  Drone  
  74  5:57  Drone  
  74  5:58  Overlord  
  74  6:03  Zerg Missile Weapons Level 1  
  74  6:09  Spore Crawler, Drone  
  74  6:12  Overlord  
  74  6:14  Spore Crawler  
  74  6:15  Queen x2  
  74  6:17  Zergling x10  
  81  6:22  Drone x2  
  81  6:30  Overlord x5  
  81  6:33  Hatchery  
  81  6:36  Zergling x4  
  82  6:44  Spire  
  82  6:45  Spire  
  82  6:46  Hydralisk Den  
  79  6:47  Zergling x2  
  79  6:48  Zergling x6  
  79  6:51  Queen x2  
  79  6:53  Drone x5  
  93  7:01  Drone x3  
  93  7:03  Extractor  
  93  7:06  Zerg Ground Armor Level 1  
  94  7:13  Drone  
  95  7:24  Drone  
  95  7:25  Hydralisk x2  
  95  7:26  Hydralisk x4  
  95  7:27  Queen x2  
  112  7:31  Hydralisk x2  
  112  7:33  Overlord x2  
  116  7:37  Hydralisk  
  116  7:40  Hydralisk x2  
  115  7:51  Hydralisk x2  
  115  7:53  Hydralisk x2, Drone x3  
  115  7:55  Drone  
  128  7:58  Drone x3  
  128  8:01  Zerg Melee Weapons Level 2  
  130  8:14  Drone  
  130  8:15  Drone x2  
  129  8:20  Corruptor  
  129  8:21  Corruptor x2  
  129  8:24  Extractor  
  129  8:26  Corruptor  
  134  8:31  Drone x2  
  136  8:35  Extractor, Drone  
  136  8:37  Extractor, Corruptor  
  136  8:39  Corruptor  
  139  8:47  Grooved Spines  
  139  8:51  Corruptor, Hydralisk  
  143  9:00  Infestation Pit  
  136  9:07  Corruptor x2  
  126  9:12  Drone  
  126  9:13  Drone x2  
  126  9:14  Corruptor, Drone x3  
  126  9:16  Corruptor  
  130  9:19  Drone  
  130  9:21  Drone  
  130  9:22  Drone x2  
  130  9:23  Corruptor  
  136  9:24  Corruptor  
  136  9:27  Zergling x12  
  144  9:38  Zerg Flyer Armor Level 1  
  144  9:39  Zerg Flyer Weapons Level 1  
  144  9:40  Corruptor  
  146  9:45  Hatchery  
  146  9:50  Corruptor  
  146  9:51  Corruptor  
  146  9:52  Hydralisk x2  
  153  10:02  Hydralisk  
  155  10:16  Corruptor  
  155  10:18  Overlord x5  
  155  10:20  Muscular Augments  
  157  10:25  Hive  
  149  10:29  Hydralisk x4  
  149  10:31  Overlord x4  
  157  10:44  Zerg Missile Weapons Level 2, Zerg Ground Armor Level 2  
  157  10:45  Hydralisk x3  
  157  10:47  Overlord  
  162  10:59  Drone  
  162  11:02  Overseer x3  
  162  11:03  Overseer x3  
  163  11:09  Hydralisk x4  
  172  11:11  Drone x2  
  172  11:15  Hydralisk x2  
  170  11:24  Corruptor, Hydralisk  
  164  11:35  Corruptor x3  
  164  11:37  Hydralisk  
  138  11:41  Zergling x6  
  138  11:44  Drone x2  
  138  11:45  Drone  
  138  11:46  Drone  
  145  11:53  Adrenal Glands  
  145  11:55  Zergling x6  
  145  12:00  Corruptor  
  150  12:04  Corruptor  
  144  12:11  Zergling x8  
  144  12:15  Zerg Flyer Weapons Level 2  
  144  12:17  Corruptor  
  118  12:55  Zergling x12  
  118  12:57  Corruptor x3  
  130  13:06  Zergling x4  
  132  13:19  Corruptor x2  
  134  13:24  Zergling x6  
  134  13:26  Drone  
  134  13:27  Corruptor x2, Drone x2  
  141  13:29  Zerg Flyer Armor Level 2  
  146  13:34  Drone  
  146  13:39  Corruptor x2  
  151  13:41  Zergling x2  
  151  13:42  Zergling x14  
  151  13:43  Zergling x8  
  151  13:45  Zerg Melee Weapons Level 3  
  151  13:46  Extractor, Zerg Ground Armor Level 3  
  151  13:47  Corruptor  
  164  13:49  Hydralisk  
  164  13:50  Hydralisk  
  164  13:52  Drone  
  169  13:56  Corruptor  
  171  14:06  Corruptor x2  
  171  14:07  Drone  
  175  14:15  Corruptor x2  
  178  14:27  Corruptor x3  
  184  14:33  Corruptor  
  186  14:41  Viper x2  
  186  14:42  Viper  
  195  14:52  Zerg Missile Weapons Level 3  
  195  15:00  Hatchery  
  195  15:02  Drone  
  195  15:08  Overlord x3  
  195  15:09  Spore Crawler  
  195  15:12  Spore Crawler  
  193  15:15  Zerg Flyer Weapons Level 3  
  193  15:16  Hatchery  
  192  15:26  Corruptor  
  192  15:27  Corruptor x2  
  198  15:37  Infestor, Extractor  
  198  15:41  Extractor  
  196  15:53  Corruptor  
  196  15:56  Zergling x2  
  199  16:05  Overlord x4  
  199  16:06  Overlord x2  
  191  16:23  Zergling x2  
  178  16:26  Drone x3  
  178  16:31  Corruptor  
  178  16:32  Corruptor x7  
  169  16:33  Corruptor x6  
  187  16:41  Overlord  
  187  16:43  Pneumatized Carapace  
  186  16:51  Drone  
  185  16:55  Overseer  
  185  16:56  Overseer x2  
  185  16:57  Drone x3  
  185  16:59  Drone  
  183  17:02  Extractor  
  179  17:22  Zergling x6  
  182  17:23  Zergling x12  
  182  17:25  Drone x3  
  182  17:29  Overlord  
  191  17:30  Overseer  
  191  18:00  Hatchery  
  173  18:35  Zergling x6  
  148  18:49  Zergling x14  
  121  18:59  Zergling x4  
  89  19:03  Zergling x4  
  89  19:05  Hydralisk x3  
  87  19:11  Hydralisk  
  87  19:12  Hydralisk x3  
  87  19:14  Hydralisk x3  
  87  19:16  Hydralisk x2  
  101  19:19  Zergling x4  
  101  19:20  Zergling x2  
  101  19:23  Zergling x2, Drone  
  101  19:24  Hydralisk, Drone  
  111  19:29  Queen, Hydralisk  
  117  19:33  Hydralisk x2  
  117  19:36  Hydralisk x2  
  125  19:39  Hydralisk  
  125  19:45  Hydralisk x2  
  127  19:47  Hydralisk x3  
  127  19:50  Queen  
  139  19:52  Overseer  
  139  19:53  Overseer x3  
  139  19:55  Hydralisk x3  
  145  20:04  Hydralisk x3  
  128  20:14  Hydralisk  
  128  20:15  Corruptor, Hydralisk  
  128  20:19  Corruptor x3  
  123  20:22  Hydralisk x3  
  123  20:25  Zergling x2  
  123  20:26  Zergling x4  
  123  20:27  Zergling x4  
  120  20:38  Hydralisk x4  
  124  20:51  Hydralisk x3  
  124  20:56  Hydralisk  
  124  20:57  Hydralisk  
  111  21:03  Hydralisk x3  
  105  21:06  Hydralisk x3  
  105  21:09  Hydralisk  
  105  21:10  Hydralisk x2  
  108  21:11  Hydralisk x2  
  108  21:12  Hydralisk x3  
  117  21:19  Hydralisk x3  
  121  21:29  Hydralisk x2  
  121  21:30  Hydralisk  
  103  21:46  Zergling x4  
  103  21:47  Zergling x2  
Tags
 
Add a new tag
Caveats
  • Supply blocks, unpowered buildings, or Contaminate may cause inaccurate times.
  • Supply counts are checked every 10 seconds.